Predators vs Bruins

Created - November-20-12 at 18:06

Goals
1 2 3 T
Predators 0 0 0 0
Bruins 0 3 1 4
Shots
1 2 3 T
Predators 5 10 4 19
Bruins 5 11 7 23

1st period

No Goal

Penalties :
Wayne Simmonds (NSH) for Diving (Minor) at 6:23, Oliver Ekman-Larsson (BOS) for Cross-checking (Minor) at 11:57, Milan Lucic (BOS) for Hooking (Minor) at 18:39

2nd period

1. Bruins , David Krejci 6 (Zach Bogosian, Oliver Ekman-Larsson) at 6:30
2. Bruins , Tyler Seguin 1 (Zdeno Chara, Ryan Nugent-Hopkins) at 11:52
3. Bruins , Jordan Caron 1 (Zdeno Chara, Ales Hemsky) at 19:16

Penalties :
Zach Bogosian (BOS) for Goalie Interference (Minor) at 8:53, Max Pacioretty (NSH) for Holding (Minor) at 13:00

3rd period

4. Bruins , Rich Peverley 6 (Brad Marchand) at 14:42

Penalties :
Deryk Engelland (NSH) for Roughing (Minor) at 2:24, Oliver Ekman-Larsson (BOS) for Diving (Minor) at 15:08, Nicklas Backstrom (NSH) for Interference (Minor) at 15:08, Jeff Petry (NSH) for Tripping (Minor) at 17:34

Goalie Stats

Pekka Rinne (NSH), 19 saves from 23 shots - (0.826), L, 13-5-0, 60:00 minutes
Cam Ward (BOS), 19 saves from 19 shots - (1.000), W, 11-6-2, 60:00 minutes

Players Stats for Predators

Player Name              G  A  P  +/- PIM S  H  SB GA TA FO     MP     PP MP  PK MP  
------------------------------------------------------------------------------------
Braydon Coburn           0  0  0   0  0   0  1  0  0  0  0/0    24:08   3:51   3:28 
Deryk Engelland          0  0  0   0  2   0  1  0  0  0  0/0     7:36   0:00   2:59 
Jeff Carter              0  0  0   0  0   0  0  1  0  0  2/6    23:46   0:00   5:23 
Jeff Petry               0  0  0   0  2   2  1  0  0  0  0/0    18:18   2:06   0:42 
Marian Gaborik           0  0  0  -3  0   5  2  0  0  0  1/2    20:58   3:04   0:00 
Max Pacioretty           0  0  0  -2  2   3  0  0  0  0  0/0    18:15   3:04   0:00 
Mikhail Grabovski        0  0  0  -2  0   0  1  0  0  0  8/26   22:19   3:04   3:13 
Nicklas Backstrom        0  0  0   0  2   2  1  0  0  0  9/24   17:14   2:53   1:51 
Patric Hornqvist         0  0  0  -2  0   0  0  0  0  0  0/0    13:33   0:00   0:00 
Paul Gaustad             0  0  0   0  0   0  0  0  0  0  2/4     2:23   0:00   2:23 
Roman Polak              0  0  0  -2  0   0  3  1  0  0  0/0    12:02   0:00   4:15 
Rostislav Klesla         0  0  0  -2  0   1  1  2  0  0  0/0    19:04   2:06   0:05 
Sean Couturier           0  0  0  -1  0   0  0  0  0  0  6/8     7:01   0:00   0:29 
Shea Weber               0  0  0  -2  0   0  1  1  0  0  0/0    21:21   3:51   0:00 
Steven Stamkos           0  0  0   0  0   3  1  0  0  0  3/6    21:34   2:53   0:00 
T.J. Galiardi            0  0  0   0  0   0  0  0  0  0  0/0     5:49   0:00   1:48 
Wayne Simmonds           0  0  0  -2  2   3  4  0  0  0  1/1    17:10   2:53   0:45 
Zbynek Michalek          0  0  0  -2  0   0  0  2  0  0  0/0    17:29   0:00   4:23 

Players Stats for Bruins

Player Name              G  A  P  +/- PIM S  H  SB GA TA FO     MP     PP MP  PK MP  
------------------------------------------------------------------------------------
Ales Hemsky              0  1  1   1  0   1  0  0  0  0  0/0     8:05   0:00   0:00 
Brad Marchand            0  1  1   1  0   6  0  0  0  0  0/1    18:05   4:04   0:00 
Chris Kelly              0  0  0   1  0   0  0  0  0  0  9/12   12:15   0:00   4:10 
David Krejci             1  0  1   1  0   1  0  0  0  0  14/20  15:47   4:04   1:47 
David Schlemko           0  0  0   0  0   0  2  1  0  0  0/0    14:34   0:00   1:57 
Dennis Seidenberg        0  0  0   2  0   0  4  1  0  0  0/0    24:59   3:28   3:10 
Evander Kane             0  0  0   1  0   0  5  0  0  0  0/1    18:18   3:52   0:00 
Jordan Caron             1  0  1   1  0   1  0  0  0  0  0/0     8:05   0:00   0:00 
Milan Lucic              0  0  0   1  2   0  4  0  0  0  0/0     9:34   0:00   0:00 
Nathan Horton            0  0  0   1  0   0  0  0  0  0  0/1    11:22   0:00   1:47 
Oliver Ekman-Larsson     0  1  1   2  4   0  2  0  0  0  0/0    20:24   4:28   1:48 
Patrice Bergeron         0  0  0   1  0   1  2  0  0  0  15/25  19:10   3:52   0:00 
Rich Peverley            1  0  1   1  0   3  0  0  0  0  1/2    21:54   4:04   4:10 
Ryan Nugent-Hopkins      0  1  1   1  0   2  0  0  0  0  3/9    12:48   0:00   0:00 
Tobias Enstrom           0  0  0   0  0   0  0  1  0  0  0/0    14:26   0:00   0:00 
Tyler Seguin             1  0  1   1  0   1  0  0  0  0  3/6    16:40   3:52   0:00 
Zach Bogosian            0  1  1   2  2   3  4  0  0  0  0/0    20:35   4:28   1:49 
Zdeno Chara              0  2  2   2  0   4  0  0  0  0  0/0    24:59   3:28   3:10 

3 Stars

1 - Cam Ward (BOS)
2 - Zdeno Chara (BOS)
3 - Rich Peverley (BOS)

Power Play

Predators - 0 on 3 Attempt(s) - 0.00%
Bruins - 0 on 4 Attempt(s) - 0.00%

Penalty Kill

Predators - 4 on 4 Attempt(s) - 100.00% - Score 0 goal in Penalty Kill
Bruins - 3 on 3 Attempt(s) - 100.00% - Score 0 goal in Penalty Kill

Official

Referees : Mark Lemelin and David Banfield
Linesman : Ryan Galloway and Steve Miller

Game Notes

Sean Couturier is injured at 7:48 of 2nd period (Sports Hernia)
Paul Gaustad is injured at 13:53 of 2nd period (Sore Right Knee)

Finance

Level 1 -- Attendance: 4246 (65.32%) -- Ticket Income $700,590
Level 2 -- Attendance: 3620 (72.40%) -- Ticket Income $452,500
Level 3 -- Attendance: 2996 (85.60%) -- Ticket Income $239,680
Level 4 -- Attendance: 1565 (100.00%) -- Ticket Income $78,250
Luxury Box -- Attendance: 408 (40.80%) -- Ticket Income $265,200
Game was played at the TD Garden
Total Attendance: 12835 (73.07%)
Total Ticket Income: $1,736,220
Other Income: $260,433
Total Income: $1,996,653


% Time on Ice - Predators

Lines # - Real PCT - Wanted PCT - Time Play
Normal Forward
1 - 28% - 33% - 12:31
2 - 33% - 30% - 14:39
3 - 31% - 27% - 13:33
4 - 8% - 10% - 3:25
Normal Defense
1 - 37% - 37% - 16:12
2 - 35% - 36% - 15:31
3 - 18% - 16% - 7:47
4 - 10% - 11% - 4:38
PP Forward
1 - 52% - 60% - 3:04
2 - 48% - 40% - 2:53
PP Defense
1 - 65% - 52% - 3:51
2 - 35% - 48% - 2:06
PK Forward
1 - 84% - 60% - 6:42
2 - 16% - 40% - 1:14
PK Defense
1 - 44% - 60% - 3:28
2 - 56% - 40% - 4:28
PK3 Forward
1 - 0% - 60%
2 - 0% - 40%
PK3 Defense
1 - 0% - 52%
2 - 0% - 48%
44 Forward
1 - 72% - 60% - 1:26
2 - 28% - 40% - 0:33
44 Defense
1 - 66% - 52% - 1:18
2 - 34% - 48% - 0:41
Last Minute Offensive  - 0:00
Last Minute Defensive  - 0:00
Total
Forward - 60:00
Defense - 60:00

% Time on Ice - Bruins

Lines # - Real PCT - Wanted PCT - Time Play
Normal Forward
1 - 31% - 40% - 13:40
2 - 29% - 30% - 12:48
3 - 22% - 20% - 9:35
4 - 18% - 10% - 8:05
Normal Defense
1 - 38% - 40% - 16:58
2 - 30% - 30% - 13:20
3 - 30% - 20% - 13:27
4 - 1% - 10% - 0:23
PP Forward
1 - 49% - 60% - 3:52
2 - 51% - 40% - 4:04
PP Defense
1 - 44% - 60% - 3:28
2 - 56% - 40% - 4:28
PK Forward
1 - 70% - 60% - 4:10
2 - 30% - 40% - 1:47
PK Defense
1 - 53% - 60% - 3:10
2 - 47% - 40% - 2:47
PK3 Forward
1 - 0% - 60%
2 - 0% - 40%
PK3 Defense
1 - 0% - 60%
2 - 0% - 40%
44 Forward
1 - 82% - 60% - 1:38
2 - 18% - 40% - 0:21
44 Defense
1 - 50% - 60% - 1:00
2 - 50% - 40% - 0:59
Last Minute Offensive  - 0:00
Last Minute Defensive  - 0:00
Total
Forward - 60:00
Defense - 60:00

Play by Play

1st period


0:01 of 1st period - Patrice Bergeron wins face-off versus Nicklas Backstrom in neutral zone.
0:52 of 1st period - Icing by Rostislav Klesla.
0:53 of 1st period - Ryan Nugent-Hopkins wins face-off versus Nicklas Backstrom in Predators zone.
2:39 of 1st period - Milan Lucic is hit by Wayne Simmonds and loses puck.
2:46 of 1st period - Icing by Sean Couturier.
2:47 of 1st period - Sean Couturier wins face-off versus Patrice Bergeron in Predators zone.
3:03 of 1st period - Shot by Wayne Simmonds.
3:03 of 1st period - Stopped by Cam Ward without a rebound.
3:04 of 1st period - Chris Kelly wins face-off versus Jeff Carter in Bruins zone.
4:20 of 1st period - Off-side.
4:21 of 1st period - David Krejci wins face-off versus Mikhail Grabovski in neutral zone.
4:55 of 1st period - Icing by Jeff Petry.
4:56 of 1st period - Mikhail Grabovski wins face-off versus Brad Marchand in Predators zone.
4:56 of 1st period - Mikhail Grabovski is hit by Patrice Bergeron.
5:58 of 1st period - Icing by Shea Weber.
5:59 of 1st period - Sean Couturier wins face-off versus Ryan Nugent-Hopkins in Predators zone.
6:17 of 1st period - Zach Bogosian is hit by Wayne Simmonds and loses puck.
6:23 of 1st period - Minor Penalty to Wayne Simmonds for Diving.
6:24 of 1st period - Patrice Bergeron wins face-off versus Jeff Carter in Predators zone.
6:42 of 1st period - Evander Kane is hit by Deryk Engelland.
7:14 of 1st period - Shot by Zdeno Chara.
7:14 of 1st period - Stopped by Pekka Rinne without a rebound.
7:15 of 1st period - David Krejci wins face-off versus Sean Couturier in Predators zone.
7:20 of 1st period - Shot by Zdeno Chara.
7:20 of 1st period - Stopped by Pekka Rinne with a rebound.
7:22 of 1st period - Shot by Dennis Seidenberg.
7:22 of 1st period - Shot Misses the Net.
7:24 of 1st period - Shot by Rich Peverley.
7:24 of 1st period - Shot Blocked by Zbynek Michalek.
7:26 of 1st period - Shot by Brad Marchand.
7:26 of 1st period - Stopped by Pekka Rinne without a rebound.
7:27 of 1st period - Paul Gaustad wins face-off versus Patrice Bergeron in Predators zone.
7:27 of 1st period - Paul Gaustad is hit by Evander Kane.
7:35 of 1st period - Shot by Tyler Seguin.
7:35 of 1st period - Shot Misses the Net.
7:37 of 1st period - Shot by Zdeno Chara.
7:37 of 1st period - Shot Misses the Net.
7:39 of 1st period - Shot by Evander Kane.
7:39 of 1st period - Shot Misses the Net.
7:41 of 1st period - Shot by Zdeno Chara.
7:41 of 1st period - Stopped by Pekka Rinne without a rebound.
7:42 of 1st period - Sean Couturier wins face-off versus David Krejci in Predators zone.
8:05 of 1st period - Shot by Brad Marchand.
8:05 of 1st period - Shot Misses the Net.
8:17 of 1st period - Shot by Zach Bogosian.
8:17 of 1st period - Stopped by Pekka Rinne without a rebound.
8:18 of 1st period - Sean Couturier wins face-off versus Tyler Seguin in Predators zone.
8:27 of 1st period - Shot by Shea Weber.
8:27 of 1st period - Shot Blocked by David Schlemko.
8:31 of 1st period - Shot by Marian Gaborik.
8:31 of 1st period - Stopped by Cam Ward without a rebound.
8:32 of 1st period - Sean Couturier wins face-off versus Ryan Nugent-Hopkins in Bruins zone.
8:49 of 1st period - Shot by Evander Kane.
8:49 of 1st period - Shot Misses the Net.
9:05 of 1st period - Shot by Evander Kane.
9:05 of 1st period - Shot Misses the Net.
10:44 of 1st period - Shot by Marian Gaborik.
10:44 of 1st period - Stopped by Cam Ward without a rebound.
10:45 of 1st period - David Krejci wins face-off versus Sean Couturier in Bruins zone.
10:59 of 1st period - Off-side.
11:00 of 1st period - Chris Kelly wins face-off versus Jeff Carter in neutral zone.
11:26 of 1st period - Off-side.
11:27 of 1st period - Patrice Bergeron wins face-off versus Marian Gaborik in neutral zone.
11:57 of 1st period - Minor Penalty to Oliver Ekman-Larsson for Cross-checking.
11:58 of 1st period - Chris Kelly wins face-off versus Nicklas Backstrom in Bruins zone.
11:58 of 1st period - Chris Kelly is hit by Wayne Simmonds.
12:39 of 1st period - Nicklas Backstrom is hit by Zach Bogosian and loses puck.
12:58 of 1st period - Shot by Mikhail Grabovski.
12:58 of 1st period - Shot Misses the Net.
13:32 of 1st period - David Schlemko is hit by Marian Gaborik and loses puck.
14:05 of 1st period - Zbynek Michalek is hit by Evander Kane and loses puck.
14:38 of 1st period - Shot by Ryan Nugent-Hopkins.
14:38 of 1st period - Shot Misses the Net.
16:12 of 1st period - Max Pacioretty is hit by Milan Lucic and loses puck.
16:18 of 1st period - Marian Gaborik is hit by Oliver Ekman-Larsson and loses puck.
16:28 of 1st period - Marian Gaborik is hit by Zach Bogosian.
16:36 of 1st period - Shot by Max Pacioretty.
16:36 of 1st period - Stopped by Cam Ward without a rebound.
16:37 of 1st period - Patrice Bergeron wins face-off versus Nicklas Backstrom in Bruins zone.
17:07 of 1st period - Icing by Deryk Engelland.
17:08 of 1st period - Nicklas Backstrom wins face-off versus Ryan Nugent-Hopkins in Predators zone.
17:46 of 1st period - Zdeno Chara is hit by Marian Gaborik and loses puck.
18:00 of 1st period - Icing by Marian Gaborik.
18:01 of 1st period - Patrice Bergeron wins face-off versus Mikhail Grabovski in Predators zone.
18:08 of 1st period - Jeff Petry is hit by Patrice Bergeron.
18:17 of 1st period - Icing by Braydon Coburn.
18:18 of 1st period - Mikhail Grabovski wins face-off versus David Krejci in Predators zone.
18:18 of 1st period - Mikhail Grabovski is hit by Milan Lucic.
18:27 of 1st period - Marian Gaborik is hit by Zach Bogosian and loses puck.
18:39 of 1st period - Minor Penalty to Milan Lucic for Hooking.
18:40 of 1st period - Steven Stamkos wins face-off versus Chris Kelly in Bruins zone.
18:58 of 1st period - Icing by Shea Weber.
18:59 of 1st period - Chris Kelly wins face-off versus Nicklas Backstrom in Predators zone.
19:54 of 1st period - Shot by Marian Gaborik.
19:54 of 1st period - Stopped by Cam Ward without a rebound.
19:55 of 1st period - Chris Kelly wins face-off versus Mikhail Grabovski in Bruins zone.

2nd period


0:01 of 2nd period - Rich Peverley wins face-off versus Mikhail Grabovski in neutral zone.
0:30 of 2nd period - Shot by Shea Weber.
0:30 of 2nd period - Shot Misses the Net.
0:32 of 2nd period - Shot by Max Pacioretty.
0:32 of 2nd period - Stopped by Cam Ward without a rebound.
0:33 of 2nd period - Chris Kelly wins face-off versus Nicklas Backstrom in Bruins zone.
0:48 of 2nd period - Shot by David Krejci.
0:48 of 2nd period - Shot Misses the Net.
1:58 of 2nd period - Shot by Ryan Nugent-Hopkins.
1:58 of 2nd period - Shot Hit the Post.
2:49 of 2nd period - Marian Gaborik is hit by Oliver Ekman-Larsson and loses puck.
3:53 of 2nd period - Shot by Wayne Simmonds.
3:53 of 2nd period - Shot Misses the Net.
3:55 of 2nd period - Shot by Sean Couturier.
3:55 of 2nd period - Shot Blocked by Tobias Enstrom.
3:57 of 2nd period - Shot by Deryk Engelland.
3:57 of 2nd period - Shot Misses the Net.
4:21 of 2nd period - Shot by Jeff Carter.
4:21 of 2nd period - Deflect By Steven Stamkos.
4:21 of 2nd period - Stopped by Cam Ward without a rebound.
4:22 of 2nd period - Tyler Seguin wins face-off versus Nicklas Backstrom in Bruins zone.
5:16 of 2nd period - Dennis Seidenberg is hit by Mikhail Grabovski.
6:00 of 2nd period - Shot by Ales Hemsky.
6:00 of 2nd period - Stopped by Pekka Rinne with a rebound.
6:18 of 2nd period - Shot by David Krejci.
6:18 of 2nd period - Shot Misses the Net.
6:20 of 2nd period - Shot by David Krejci.
6:20 of 2nd period - Shot Misses the Net.
6:22 of 2nd period - Shot by Oliver Ekman-Larsson.
6:22 of 2nd period - Shot Misses the Net.
6:28 of 2nd period - Shot by David Krejci.
6:28 of 2nd period - Shot Misses the Net.
6:30 of 2nd period - Shot by David Krejci.
6:30 of 2nd period - Goal by David Krejci - Predators : 0 - Bruins : 1.
6:31 of 2nd period - Nicklas Backstrom wins face-off versus Patrice Bergeron in neutral zone.
6:36 of 2nd period - Shot by Nicklas Backstrom.
6:36 of 2nd period - Stopped by Cam Ward without a rebound.
6:37 of 2nd period - Nicklas Backstrom wins face-off versus Patrice Bergeron in Bruins zone.
6:38 of 2nd period - Shot by Shea Weber.
6:38 of 2nd period - Deflect By Nicklas Backstrom.
6:38 of 2nd period - Stopped by Cam Ward without a rebound.
6:39 of 2nd period - Nicklas Backstrom wins face-off versus Patrice Bergeron in Bruins zone.
7:17 of 2nd period - Shot by Brad Marchand.
7:17 of 2nd period - Stopped by Pekka Rinne without a rebound.
7:18 of 2nd period - Sean Couturier wins face-off versus Ryan Nugent-Hopkins in Predators zone.
7:47 of 2nd period - Sean Couturier is hit by Evander Kane and loses puck.
7:48 of 2nd period - Sean Couturier from Predators is injured at 7:48 of 2nd period (Sports Hernia).
7:49 of 2nd period - David Krejci wins face-off versus Mikhail Grabovski in Predators zone.
8:07 of 2nd period - Milan Lucic is hit by Roman Polak and loses puck.
8:39 of 2nd period - Off-side.
8:40 of 2nd period - Patrice Bergeron wins face-off versus Nicklas Backstrom in neutral zone.
8:42 of 2nd period - Oliver Ekman-Larsson is hit by Nicklas Backstrom and loses puck.
8:48 of 2nd period - Icing by Oliver Ekman-Larsson.
8:49 of 2nd period - Nicklas Backstrom wins face-off versus Rich Peverley in Bruins zone.
8:53 of 2nd period - Minor Penalty to Zach Bogosian for Goalie Interference.
8:54 of 2nd period - Chris Kelly wins face-off versus Nicklas Backstrom in Bruins zone.
8:54 of 2nd period - Chris Kelly is hit by Steven Stamkos.
9:14 of 2nd period - Shot by Rostislav Klesla.
9:14 of 2nd period - Shot Misses the Net.
9:16 of 2nd period - Shot by Jeff Petry.
9:16 of 2nd period - Stopped by Cam Ward without a rebound.
9:17 of 2nd period - Chris Kelly wins face-off versus Mikhail Grabovski in Bruins zone.
9:41 of 2nd period - Shot by Marian Gaborik.
9:41 of 2nd period - Stopped by Cam Ward without a rebound.
9:42 of 2nd period - David Krejci wins face-off versus Nicklas Backstrom in Bruins zone.
9:52 of 2nd period - Shot by Rostislav Klesla.
9:52 of 2nd period - Stopped by Cam Ward without a rebound.
9:53 of 2nd period - Mikhail Grabovski wins face-off versus Chris Kelly in Bruins zone.
11:10 of 2nd period - Shot by Ryan Nugent-Hopkins.
11:10 of 2nd period - Stopped by Pekka Rinne without a rebound.
11:11 of 2nd period - Nicklas Backstrom wins face-off versus David Krejci in Predators zone.
11:11 of 2nd period - Nicklas Backstrom is hit by Milan Lucic.
11:24 of 2nd period - Off-side.
11:25 of 2nd period - Wayne Simmonds wins face-off versus Evander Kane in neutral zone.
11:33 of 2nd period - Patric Hornqvist is hit by Dennis Seidenberg and loses puck.
11:41 of 2nd period - Ryan Nugent-Hopkins is hit by Shea Weber and loses puck.
11:52 of 2nd period - Shot by Tyler Seguin.
11:52 of 2nd period - Goal by Tyler Seguin - Predators : 0 - Bruins : 2.
11:53 of 2nd period - Patrice Bergeron wins face-off versus Nicklas Backstrom in neutral zone.
11:57 of 2nd period - Brad Marchand is hit by Jeff Petry and loses puck.
12:01 of 2nd period - Icing by Braydon Coburn.
12:02 of 2nd period - Nicklas Backstrom wins face-off versus Patrice Bergeron in Predators zone.
12:28 of 2nd period - Shot by Brad Marchand.
12:28 of 2nd period - Stopped by Pekka Rinne without a rebound.
12:29 of 2nd period - Mikhail Grabovski wins face-off versus Tyler Seguin in Predators zone.
12:29 of 2nd period - Mikhail Grabovski is hit by Evander Kane.
13:00 of 2nd period - Minor Penalty to Max Pacioretty for Holding.
13:01 of 2nd period - David Krejci wins face-off versus Paul Gaustad in Predators zone.
13:01 of 2nd period - Zach Bogosian is hit by Braydon Coburn and loses puck.
13:39 of 2nd period - Shot by Brad Marchand.
13:39 of 2nd period - Stopped by Pekka Rinne without a rebound.
13:40 of 2nd period - Tyler Seguin wins face-off versus Paul Gaustad in Predators zone.
13:51 of 2nd period - Shot by Zdeno Chara.
13:51 of 2nd period - Stopped by Pekka Rinne without a rebound.
13:52 of 2nd period - Paul Gaustad wins face-off versus Patrice Bergeron in Predators zone.
13:52 of 2nd period - Paul Gaustad is hit by Evander Kane.
13:53 of 2nd period - Paul Gaustad from Predators is injured at 13:53 of 2nd period (Sore Right Knee).
13:54 of 2nd period - Mikhail Grabovski wins face-off versus Tyler Seguin in Predators zone.
14:34 of 2nd period - Shot by Patrice Bergeron.
14:34 of 2nd period - Shot Blocked by Zbynek Michalek.
14:36 of 2nd period - Shot by Patrice Bergeron.
14:36 of 2nd period - Stopped by Pekka Rinne without a rebound.
14:37 of 2nd period - David Krejci wins face-off versus Mikhail Grabovski in Predators zone.
14:37 of 2nd period - David Krejci is hit by Roman Polak.
15:34 of 2nd period - Icing by Tobias Enstrom.
15:35 of 2nd period - Chris Kelly wins face-off versus Nicklas Backstrom in Bruins zone.
16:22 of 2nd period - Shot by Brad Marchand.
16:22 of 2nd period - Shot Blocked by Jeff Carter.
16:38 of 2nd period - Shot by Brad Marchand.
16:38 of 2nd period - Stopped by Pekka Rinne with a rebound.
17:06 of 2nd period - Shot by Evander Kane.
17:06 of 2nd period - Shot Blocked by Rostislav Klesla.
17:12 of 2nd period - Shot by Tyler Seguin.
17:12 of 2nd period - Shot Misses the Net.
17:14 of 2nd period - Shot by Zach Bogosian.
17:14 of 2nd period - Shot Misses the Net.
18:21 of 2nd period - Shot by Wayne Simmonds.
18:21 of 2nd period - Stopped by Cam Ward with a rebound.
18:23 of 2nd period - Shot by Wayne Simmonds.
18:23 of 2nd period - Stopped by Cam Ward without a rebound.
18:24 of 2nd period - Marian Gaborik wins face-off versus Patrice Bergeron in Bruins zone.
18:32 of 2nd period - Shot by Marian Gaborik.
18:32 of 2nd period - Shot Blocked by Dennis Seidenberg.
18:36 of 2nd period - Shot by Marian Gaborik.
18:36 of 2nd period - Stopped by Cam Ward without a rebound.
18:37 of 2nd period - Mikhail Grabovski wins face-off versus Chris Kelly in Bruins zone.
19:00 of 2nd period - Shot by Ales Hemsky.
19:00 of 2nd period - Shot Blocked by Rostislav Klesla.
19:12 of 2nd period - Shot by Ales Hemsky.
19:12 of 2nd period - Shot Blocked by Shea Weber.
19:16 of 2nd period - Shot by Jordan Caron.
19:16 of 2nd period - Goal by Jordan Caron - Predators : 0 - Bruins : 3.
19:17 of 2nd period - Patrice Bergeron wins face-off versus Nicklas Backstrom in neutral zone.

3rd period


0:01 of 3rd period - Nicklas Backstrom wins face-off versus Patrice Bergeron in neutral zone.
0:05 of 3rd period - Shea Weber is hit by Dennis Seidenberg and loses puck.
0:46 of 3rd period - Shot by Patrice Bergeron.
0:46 of 3rd period - Shot Misses the Net.
0:53 of 3rd period - Icing by Shea Weber.
0:54 of 3rd period - Steven Stamkos wins face-off versus Ryan Nugent-Hopkins in Predators zone.
1:12 of 3rd period - Icing by Braydon Coburn.
1:13 of 3rd period - Mikhail Grabovski wins face-off versus David Krejci in Predators zone.
2:24 of 3rd period - Minor Penalty to Deryk Engelland for Roughing.
2:25 of 3rd period - Patrice Bergeron wins face-off versus Mikhail Grabovski in Predators zone.
2:30 of 3rd period - Shot by Tyler Seguin.
2:30 of 3rd period - Deflect By Patrice Bergeron.
2:30 of 3rd period - Shot Misses the Net.
2:32 of 3rd period - Shot by Zach Bogosian.
2:32 of 3rd period - Shot Misses the Net.
2:34 of 3rd period - Shot by Patrice Bergeron.
2:34 of 3rd period - Shot Misses the Net.
3:16 of 3rd period - Off-side.
3:17 of 3rd period - David Krejci wins face-off versus Mikhail Grabovski in neutral zone.
4:03 of 3rd period - Shot by Rich Peverley.
4:03 of 3rd period - Stopped by Pekka Rinne without a rebound.
4:04 of 3rd period - Tyler Seguin wins face-off versus Mikhail Grabovski in Predators zone.
4:15 of 3rd period - Shot by Zach Bogosian.
4:15 of 3rd period - Stopped by Pekka Rinne without a rebound.
4:16 of 3rd period - Patrice Bergeron wins face-off versus Mikhail Grabovski in Predators zone.
4:21 of 3rd period - Shot by Zach Bogosian.
4:21 of 3rd period - Stopped by Pekka Rinne without a rebound.
4:22 of 3rd period - David Krejci wins face-off versus Mikhail Grabovski in Predators zone.
5:25 of 3rd period - Nicklas Backstrom is hit by David Schlemko and loses puck.
5:34 of 3rd period - Shot by Nicklas Backstrom.
5:34 of 3rd period - Shot Misses the Net.
5:39 of 3rd period - Nicklas Backstrom is hit by David Schlemko and loses puck.
5:48 of 3rd period - Shot by Nicklas Backstrom.
5:48 of 3rd period - Shot Misses the Net.
5:50 of 3rd period - Shot by Jeff Petry.
5:50 of 3rd period - Stopped by Cam Ward without a rebound.
5:51 of 3rd period - Mikhail Grabovski wins face-off versus Patrice Bergeron in Bruins zone.
6:11 of 3rd period - Icing by Max Pacioretty.
6:12 of 3rd period - Ryan Nugent-Hopkins wins face-off versus Mikhail Grabovski in Predators zone.
6:19 of 3rd period - Shot by Tyler Seguin.
6:19 of 3rd period - Shot Blocked by Roman Polak.
6:21 of 3rd period - Shot by Tyler Seguin.
6:21 of 3rd period - Shot Misses the Net.
6:23 of 3rd period - Shot by Zach Bogosian.
6:23 of 3rd period - Shot Misses the Net.
6:25 of 3rd period - Shot by Tyler Seguin.
6:25 of 3rd period - Shot Misses the Net.
6:42 of 3rd period - Evander Kane is hit by Roman Polak and loses puck.
6:52 of 3rd period - Off-side.
6:53 of 3rd period - Patrice Bergeron wins face-off versus Nicklas Backstrom in neutral zone.
8:06 of 3rd period - Icing by Braydon Coburn.
8:07 of 3rd period - Ryan Nugent-Hopkins wins face-off versus Mikhail Grabovski in Predators zone.
8:45 of 3rd period - Shot by Ryan Nugent-Hopkins.
8:45 of 3rd period - Stopped by Pekka Rinne without a rebound.
8:46 of 3rd period - David Krejci wins face-off versus Steven Stamkos in Predators zone.
12:45 of 3rd period - Shot by Steven Stamkos.
12:45 of 3rd period - Stopped by Cam Ward without a rebound.
12:46 of 3rd period - Jeff Carter wins face-off versus David Krejci in Bruins zone.
12:50 of 3rd period - Icing by Dennis Seidenberg.
12:51 of 3rd period - Jeff Carter wins face-off versus Nathan Horton in Bruins zone.
12:51 of 3rd period - Jeff Carter is hit by Dennis Seidenberg.
12:56 of 3rd period - Icing by Dennis Seidenberg.
12:57 of 3rd period - David Krejci wins face-off versus Jeff Carter in Bruins zone.
13:18 of 3rd period - Jeff Carter is hit by Milan Lucic and loses puck.
14:42 of 3rd period - Shot by Rich Peverley.
14:42 of 3rd period - Goal by Rich Peverley - Predators : 0 - Bruins : 4.
14:43 of 3rd period - Nicklas Backstrom wins face-off versus Ryan Nugent-Hopkins in neutral zone.
14:52 of 3rd period - Shot by Steven Stamkos.
14:52 of 3rd period - Stopped by Cam Ward without a rebound.
14:53 of 3rd period - Patrice Bergeron wins face-off versus Nicklas Backstrom in Bruins zone.
15:08 of 3rd period - Minor Penalty to Oliver Ekman-Larsson for Diving.
15:08 of 3rd period - Minor Penalty to Nicklas Backstrom for Interference.
15:09 of 3rd period - Patrice Bergeron wins face-off versus Steven Stamkos in Bruins zone.
15:21 of 3rd period - Icing by Steven Stamkos.
15:22 of 3rd period - Patrice Bergeron wins face-off versus Steven Stamkos in Predators zone.
16:12 of 3rd period - Shea Weber is hit by Dennis Seidenberg and loses puck.
16:26 of 3rd period - Off-side.
16:27 of 3rd period - David Krejci wins face-off versus Mikhail Grabovski in neutral zone.
16:34 of 3rd period - Shot by Brad Marchand.
16:34 of 3rd period - Stopped by Pekka Rinne without a rebound.
16:35 of 3rd period - Patrice Bergeron wins face-off versus Mikhail Grabovski in Predators zone.
16:35 of 3rd period - Patrice Bergeron is hit by Rostislav Klesla.
16:59 of 3rd period - Shot by Max Pacioretty.
16:59 of 3rd period - Stopped by Cam Ward without a rebound.
17:00 of 3rd period - Steven Stamkos wins face-off versus David Krejci in Bruins zone.
17:00 of 3rd period - Marian Gaborik is hit by Zach Bogosian and loses puck.
17:34 of 3rd period - Minor Penalty to Jeff Petry for Tripping.
17:35 of 3rd period - David Krejci wins face-off versus Mikhail Grabovski in Predators zone.
17:40 of 3rd period - Shot by Rich Peverley.
17:40 of 3rd period - Stopped by Pekka Rinne without a rebound.
17:41 of 3rd period - David Krejci wins face-off versus Mikhail Grabovski in Predators zone.
18:53 of 3rd period - Shot by Zdeno Chara.
18:53 of 3rd period - Shot Misses the Net.
19:39 of 3rd period - Shot by Ales Hemsky.
19:39 of 3rd period - Shot Misses the Net.
19:52 of 3rd period - David Schlemko is hit by Wayne Simmonds and loses puck.


Output by the SimonT Hockey Simulator (STHS) for Stephane Roy -- Original Page W3C XHTML 1.0 Valid
Hockey Simulator - Hockey Simulation - Hockey Manager